 Dungeon Crawl Stone Soup version 0.31-a0-986-g5e6e4ef867 (webtiles) character file.

Game seed: 5490330367579567378

2925 flord the Protected (level 9, -6/70 HPs)
             Began as a Minotaur Fighter on Nov 10, 2023.
             Was an Initiate of Okawaru.
             Killed by divine providence
             ... invoked by Jeremiah
              (12 damage)
             ... on level 6 of the Dungeon on Nov 11, 2023.
             The game lasted 00:20:26 (5230 turns).

flord the Protected (Minotaur Fighter)              Turns: 5230, Time: 00:20:29

Health: -6/70      AC: 17    Str: 24    XL:     9   Next: 50%
Magic:  8/8        EV: 12    Int:  7    God:    Okawaru [......]
Gold:   366        SH:  5    Dex: 11    Spells: 8/8 levels left

rFire   . . .        a - +1 war axe
rCold   . . .        c - +0 buckler
rNeg    . . .        l - +0 plate armour
rPois   .            (helmet restricted)
rElec   .            r - +0 cloak of Hangman {Rampage Int+2}
rCorr   .            (no gloves)
SInv    .            (no boots)
Will    .....        k - amulet of regeneration Stlth
                     n - +5 ring of evasion
HPRegen 1.11/turn    (no ring)
MPRegen 0.11/turn

%: rampage
@: no status effects
A: horns 2, retaliatory headbutt
a: Renounce Religion


You were on level 6 of the Dungeon.
You worshipped Okawaru.
Okawaru was noncommittal.
You visited 2 branches of the dungeon, and saw 7 of its levels.

You collected 366 gold pieces.

Inventory:

Hand Weapons
 a - a +1 war axe (weapon)
Missiles
 q - 4 boomerangs
Armour
 b - a +0 scale mail
 c - a +0 buckler (worn)
 l - a +0 plate armour (worn)
 r - the +0 cloak of Hangman (worn) {Rampage Int+2}
   (You found it on level 4 of the Dungeon)

   Int+2:     It affects your intelligence (+2).
   Rampage:   It bestows one free step when moving towards enemies.
Jewellery
 k - an amulet of regeneration (around neck)
 n - a +5 ring of evasion (left hand)
Talismans
 e - a flux talisman
 p - a blade talisman
Wands
 s - a wand of flame (6)
Scrolls
 h - a scroll of teleportation
 i - a scroll of immolation
 j - 3 scrolls of identify
 m - a scroll of fear
Potions
 f - 2 potions of heal wounds
 g - a potion of berserk rage
 o - 2 potions of curing
 t - a potion of mutation {unknown}


   Skills:
 - Level 3.6 Fighting
 - Level 10.0 Axes
 - Level 12.5 Armour
 * Level 4.7 Shields


You had 8 spell levels left.
You didn't know any spells.
Your spell library contained the following spells:

 Spells                   Type           Power      Damage    Failure   Level
 Sublimation of Blood     Necr           0%         N/A       100%        2
 Wereblood                Tmut           0%         N/A       100%        2
 Irradiate                Conj/Tmut      0%         3d11      100%        5
 Summon Hydra             Summ           Unusable   N/A       N/A         7

Dungeon Overview and Level Annotations

Branches:
Dungeon (6/15)             Temple (1/1) D:6

Altars:
Ashenzari
Cheibriados
Dithmenos
Elyvilon
Fedhas
Gozag
Hepliaklqana
Kikubaaqudgha
Makhleb
Nemelex Xobeh
Okawaru
Qazlal
Ru
Sif Muna
Trog
Uskayaw
Vehumet
Wu Jian
Xom
Yredelemnul
Zin
The Shining One

Annotations:
D:4 2 transporters, Beryl's ghost, amateur MiFi
D:6 Jeremiah


Innate Abilities, Weirdness & Mutations

You have a pair of horns on your head.
You reflexively headbutt those who attack you in melee.


Message History

You slash the butterfly!
The butterfly disappears in a burst of colours!
You hit the butterfly.
You kill the butterfly!
The butterfly disappears in a burst of colours!
You slash the butterfly!
The butterfly disappears in a burst of colours!
The butterfly explodes!
The fiery explosion engulfs the butterfly!!!
The butterfly disappears in a burst of colours!
The fiery explosion engulfs the butterfly!!
The butterfly disappears in a burst of colours!
The fiery explosion engulfs the butterfly!!
The butterfly disappears in a burst of colours!
The fiery explosion engulfs you!
The butterfly explodes!
The fiery explosion engulfs the butterfly!!
You kill the butterfly!
The butterfly disappears in a burst of colours!
The fiery explosion engulfs you!!
The butterfly explodes! x3
The fiery explosion engulfs you!
You are engulfed in blazing flames.
* * * LOW HITPOINT WARNING * * *
The butterfly disappears in a burst of colours! x3
Jeremiah hits you but does no damage.
Unknown command.
The butterfly disappears in a burst of colours!
The butterfly is engulfed in blazing flames.
The butterfly disappears in a burst of colours!
The butterfly explodes!
The butterfly is engulfed in blazing flames.
You kill the butterfly!
The butterfly disappears in a burst of colours!
The butterfly is engulfed in blazing flames.
You kill the butterfly!
The butterfly disappears in a burst of colours!
Jeremiah shouts, "O dreadful one, destroy my foe!"
Something smites you!
You die...
Jeremiah wails, "I didn't mean to kill anyone!
I'm not a murderer!"

#.##.##
#.....#....
#.##..
#.....#....
#.....
#.....#.†..
..#.####
#.....#....
#.....#
#..........
#.....#
##.....##...
#..§§§#
##..######...
#.§§§§#####..##
#...
#.§§§§@.....##
#...
#§§§§§#######
#### #.§§bb#
#...F.# #.....#
#.....# #######


You could see Jeremiah (inner flame).

Vanquished Creatures
  Pikel (D:5)
  Sigmund (D:5)
  Menkaure (D:4)
  Edmund (D:5)
  2 water moccasins (D:5)
  Duvessa (D:6)
  An ice beast (D:3)
  An orc warrior (D:5)
  3 ogres
  4 black bears
  2 lemures (D:5)
  A kobold brigand (D:5)
  2 phantoms
  A scorpion (D:5)
  Dowan (D:6)
  2 orc priests
  3 hounds
  A sleepcap (D:5)
  Jessica (D:3)
  Ijyb (D:3)
  6 iguanas
  4 orc wizards
  A gnoll (D:3)
  8 adders
  A shadow imp (D:5)
  A worm (D:2)
  5 dart slugs
  14 orcs
  4 ball pythons
  11 endoplasms
  4 giant cockroaches
  4 goblins
  3 hobgoblins
  2 jackals (D:2)
  3 quokkas (D:1)
  6 bats
  2 frilled lizards
  10 kobolds
  3 rats
123 creatures vanquished.

Notes
Turn   | Place    | Note
-------+----------+-------------------------------------------
     0 | D:1      | flord the Minotaur Fighter began the quest for the Orb.
     0 | D:1      | Reached XP level 1. HP: 19/19 MP: 0/0
    74 | D:1      | Reached XP level 2. HP: 25/26 MP: 1/1
   654 | D:2      | Reached XP level 3. HP: 31/31 MP: 2/2
  1006 | D:2      | Found a faded altar of an unknown god.
  1437 | D:3      | Reached skill level 5 in Axes
  1649 | D:3      | Noticed Ijyb
  1662 | D:3      | Killed Ijyb
  1663 | D:3      | Reached XP level 4. HP: 37/39 MP: 3/3
  1785 | D:3      | Noticed Jessica
  1788 | D:3      | Killed Jessica
  1814 | D:3      | Reached XP level 5. HP: 42/45 MP: 4/4
  2075 | D:3      | Noticed an ice beast
  2078 | D:3      | Killed an ice beast
  2079 | D:3      | Reached XP level 6. HP: 51/51 MP: 5/5
  2160 | D:4      | Found a transporter.
  2167 | D:4      | Noticed Beryl's ghost (amateur MiFi)
  2321 | D:4      | Identified the +0 cloak of Hangman {Rampage Int+2}
  2376 | D:4      | Noticed Menkaure
  2379 | D:4      | Killed Menkaure
  2380 | D:4      | Reached XP level 7. HP: 37/57 MP: 6/6
  2570 | D:4      | Found a transporter.
  2600 | D:4      | Reached skill level 10 in Axes
  3047 | D:5      | Entered Level 5 of the Dungeon
  3102 | D:5      | Reached skill level 4 in Armour
  3160 | D:5      | Reached skill level 5 in Armour
  3195 | D:5      | Reached skill level 6 in Armour
  3258 | D:5      | Noticed Edmund
  3267 | D:5      | Killed Edmund
  3268 | D:5      | Reached XP level 8. HP: 59/64 MP: 7/7
  3282 | D:5      | Reached skill level 7 in Armour
  3537 | D:5      | Found a glowing silver altar of Zin.
  3537 | D:5      | Found a sacrificial altar of Ru.
  3545 | D:5      | Found an ornate altar of the Wu Jian Council.
  3547 | D:5      | Found a blossoming altar of Fedhas.
  3549 | D:5      | Found a faded altar of an unknown god.
  3567 | D:5      | Reached skill level 8 in Armour
  3642 | D:5      | Noticed Sigmund
  3808 | D:5      | Killed Sigmund
  3809 | D:5      | Reached skill level 9 in Armour
  4105 | D:5      | Reached skill level 10 in Armour
  4462 | D:6      | Noticed Pikel
  4525 | D:5      | Killed Pikel
  4526 | D:5      | Reached skill level 11 in Armour
  4526 | D:5      | Reached XP level 9. HP: 56/70 MP: 8/8
  4615 | D:6      | Found a staircase to the Ecumenical Temple.
  4659 | D:6      | Reached skill level 12 in Armour
  4711 | Temple   | Entered the Ecumenical Temple
  4787 | Temple   | Became a worshipper of Warmaster Okawaru
  4872 | D:6      | Found a hazy altar of Hepliaklqana.
  4872 | D:6      | Noticed Duvessa
  4872 | D:6      | Noticed Dowan
  4917 | D:6      | Killed Duvessa
  4938 | D:6      | Killed Dowan
  5180 | D:6      | Noticed Jeremiah
  5229 | D:6      | HP: 3/70 [cloud of flame (19)]
  5230 | D:6      | Killed from afar by Jeremiah

Illustrated notes

Levels and vault maps discovered:
D:1:      kennysheep_arrival_seaside, layout_rooms, minmay_misc_feat_plants,
          dk_noncrumbling_2, minmay_octomino_e4
D:2:      layout_basic, serial_glass, glass_columns_a, glass_columns_c,
          ebering_ecumenical_altar_hall, grunt_ministairs_4, minmay_box_of_dots
D:3:      layout_rooms, minmay_joined_circles, uniq_jessica, uniq_ijyb
D:4:      layout_basic, gammafunk_ghost_stat_death, kennysheep_generic_room_2,
          uniq_menkaure
D:5:      layout_loops_ring, chequers_temple_overflow_minitemple, uniq_edmund,
          uniq_sigmund
D:6:      layout_rooms, mainiacjoe_overflow_alcove_4,
          minmay_temple_entry_statues_pillars, uniq_duvessa, uniq_pikel,
          uniq_jeremiah
Temple:   minmay_temple_bridge_d

Skill      XL: |  1  2  3  4  5  6  7  8  9 |
---------------+----------------------------+-----
Axes           | 3 4 5 6 7 9 10 | 10.0
Armour         | 6 11 12 | 12.5
Shields        | 4 |  4.7
Fighting       | |  3.6

Action                     |  1- 3 |  4- 6 |  7- 9 || total
---------------------------+-------+-------+-------++-------
  Melee: War axe           |    95 |    59 |   194 ||   348
         Headbutt          |     8 |    13 |    30 ||    51
  Evoke: Wand              |       |     4 |    20 ||    24
    Use: Scroll            |     5 |     4 |     3 ||    12
         Potion            |     3 |     2 |     3 ||     8
 Armour: Scale mail        |    76 |    19 |       ||    95
         Plate armour      |       |    19 |   148 ||   167
  Dodge: Dodged            |    33 |    31 |    86 ||   150
  Block: Buckler           |    16 |    14 |    29 ||    59

Table legend: (Time is in decaauts)
 A = Elapsed time spent in this place.
 B = Non-inter-level travel time spent in this place.
 C = Inter-level travel time spent in this place.
 D = Time resting spent in this place.
 E = Time spent auto-exploring this place.
 F = Levels seen in this place.
 G = Mean time per level.
                   A        B        C        D        E       F      G
               +--------+--------+--------+--------+--------+-----+--------+
         Total |   5290 |   4896 |    394 |    827 |   2930 |   7 |  755.7 |
       Dungeon |   5138 |   4889 |    249 |    827 |   2930 |   6 |  856.3 |
        Temple |    151 |      6 |    145 |      0 |      0 |   1 |  151.0 |
               +--------+--------+--------+--------+--------+-----+--------+

Top non-repeatable levels by time:
     D:5: 1303 daAuts
     D:4: 944 daAuts
     D:2: 782 daAuts
     D:3: 766 daAuts
     D:6: 693 daAuts
     D:1: 649 daAuts
  Temple: 151 daAuts
